 Dungeon Crawl Stone Soup version 0.24-a0-370-g78e9d4e317 (webtiles) character file.

Game seed: 16523340394499730552

202143 toidinamai the Slingshot (level 19, -6/127 HPs)
             Began as a Halfling Gladiator on May 20, 2019.
             Was a High Priest of Okawaru.
             Hit by a silver boomerang thrown by a merfolk (14 damage)
             ... on level 4 of the Shoals on May 30, 2019.
             The game lasted 03:24:03 (34845 turns).

toidinamai the Slingshot (Halfling Gladiator)      Turns: 34845, Time: 03:24:04

Health: -6/127     AC: 27    Str: 21    XL:     19   Next: 27%
Magic:  0/27       EV: 34    Int:  3    God:    Okawaru [*****.]
Gold:   912        SH:  0    Dex: 31    Spells: 4/29 levels left

rFire    . . .     SeeInvis +   b - +9 rapier (speed)
rCold    + . .     Gourm    .   (shield restricted)
rNeg     . . .     Faith    .   W - +1 scale mail "Xengo" {+Inv Dex+3 Stlth+}
rPois    +         Spirit   +   z - +2 helmet {SInv}
rElec    .         Reflect  .   P - +2 cloak
rCorr    .         Harm     .   S - +3 pair of gauntlets of War {Slay+5}
MR       +....                  s - +2 pair of boots {Fly}
Stlth    +++++++...             Z - amulet of guardian spirit
HPRegen  0.31/turn              C - +3 ring of evasion
MPRegen  0.20/turn              x - ring "Owepleov" {rC+ Str+6 Int-4 Dex+5}

@: heroism, flying, very slightly contaminated
A: small, mutation resistance 1, poison resistance
}: 1/15 runes: serpentine
a: Heroism, Finesse, Renounce Religion, Evoke Invisibility, Stop Flying


You were on level 4 of the Shoals.
You worshipped Okawaru.
Okawaru was extremely pleased with you.
You were not hungry.

You visited 6 branches of the dungeon, and saw 28 of its levels.
You also visited: Ice Cave.

You collected 3144 gold pieces.
You spent 2232 gold pieces at shops.

Inventory:

Hand Weapons
 a - the +10 fustibalus of Sepanwug {speed, MP+9}
   (Okawaru gifted it to you on level 2 of the Orcish Mines)

   Attacks with this weapon are significantly faster.
   It affects your magic capacity (+9).
 b - a +9 rapier of speed (weapon)
Missiles
 w - 273 sling bullets
 A - 6 throwing nets (quivered)
Armour
 d - the +7 plate armour of the Hot Ocelot {*Contam +Inv rElec rN+}
   (You found it on level 11 of the Dungeon)

   It insulates you from electricity.
   It protects you from negative energy.
   It lets you turn invisible.
   It causes magical contamination when unequipped.
 g - the +2 helmet "Kytobi" {Int+9}
   (Okawaru gifted it to you in an ice cave)

   It affects your intelligence (+9).
 s - a +2 pair of boots of flying (worn)
 z - a +2 helmet of see invisible (worn)
 P - a +2 cloak (worn)
 S - the +3 pair of gauntlets of War (worn) {Slay+5}
   (You bought it in a shop on level 7 of the Dungeon)

   It affects your accuracy and damage with ranged weapons and melee attacks
   (+5).
 W - the +1 scale mail "Xengo" (worn) {+Inv Dex+3 Stlth+}
   (You found it on level 4 of the Lair of Beasts)

   It affects your dexterity (+3).
   It lets you turn invisible.
   It makes you more stealthy.
Jewellery
 o - a +3 ring of strength
 x - the ring "Owepleov" (right hand) {rC+ Str+6 Int-4 Dex+5}
   (You acquired it on level 3 of the Shoals)

   [ring of dexterity]

   It affects your strength (+6).
   It affects your intelligence (-4).
   It affects your dexterity (+5).
   It protects you from cold.
 C - a +3 ring of evasion (left hand)
 X - a cursed ring of protection from magic
 Z - an amulet of guardian spirit (around neck)
Wands
 D - a wand of clouds (12)
 L - a wand of flame (15)
 M - a wand of iceblast (20)
 N - a wand of digging (2)
 Q - a wand of disintegration (19)
 R - a wand of paralysis (6)
 Y - a wand of polymorph (7)
Scrolls
 e - 7 scrolls of fog
 i - a scroll of silence
 m - a scroll of blinking
 n - 4 scrolls of magic mapping
 q - 11 scrolls of remove curse
 r - 3 scrolls of teleportation
 t - 6 scrolls of enchant armour
 v - 4 scrolls of fear
 y - 2 scrolls of identify
 E - 7 scrolls of amnesia
Potions
 h - 2 potions of might
 j - 3 potions of brilliance
 k - 10 potions of curing
 p - 3 potions of ambrosia
 u - 4 potions of haste
 B - 3 potions of magic
 G - 4 potions of invisibility
 J - 2 potions of berserk rage
 K - 2 potions of cancellation
 O - 2 potions of mutation
 T - 3 potions of resistance
 V - 3 potions of agility
Miscellaneous
 c - 2 phantom mirrors
 I - a phial of floods
 U - a lightning rod (4/4)
Comestibles
 f - 39 rations
 F - 2 chunks of flesh


   Skills:
 - Level 10.4(15.4) Fighting
 - Level 12.1(17.1) Short Blades
 - Level 21.9(27) Slings
 - Level 2.1(16.3) Throwing
 - Level 11.0(16.0) Armour
 - Level 11.7(16.7) Dodging
 - Level 11.0(16.0) Stealth
 - Level 5.8 Spellcasting
 - Level 5.9 Charms
 - Level 5.2 Necromancy
 - Level 11.0 Invocations
 + Level 9.4 Evocations


You had 4 spell levels left.
You knew the following spells:

 Your Spells              Type           Power        Failure   Level  Hunger
a - Regeneration          Chrm/Necr      #.........   21%         3    ####...
b - Vampiric Draining     Necr           #.........   24%         3    ####...
c - Gell's Gravitas       Tloc           #.........   90%         3    ####...
d - Controlled Blink      Tloc           N/A          100%        8    #######
e - Disjunction           Tloc           #.........   100%        8    #######

Your spell library contained the following spells:

 Spells                   Type           Power        Failure   Level  Hunger
 Animate Skeleton         Necr           N/A          8%          1    ##.....
 Pain                     Necr           #...         8%          1    ##.....
 Corpse Rot               Necr           N/A          12%         2    ###....
 Sublimation of Blood     Necr           #.........   12%         2    ###....
 Corona                   Hex            #......      56%         1    ##.....
 Flame Tongue             Conj/Fire      #....        56%         1    ##.....
 Magic Dart               Conj           #...         56%         1    ##.....
 Animate Dead             Necr           N/A          61%         4    #####..
 Poisonous Vapours        Pois/Air       #.....       71%         2    ###....
 Searing Ray              Conj           #.....       71%         2    ###....
 Slow                     Hex            #.......     71%         2    ###....
 Throw Flame              Conj/Fire      #.....       71%         2    ###....
 Conjure Flame            Conj/Fire      #.......     90%         3    ####...
 Dazzling Spray           Conj/Hex       #.....       90%         3    ####...
 Ignite Poison            Fire/Tmut/Pois #.......     90%         3    ####...
 Inner Flame              Hex/Fire       #.......     90%         3    ####...
 Mephitic Cloud           Conj/Pois/Air  #.......     90%         3    ####...
 Portal Projectile        Hex/Tloc       #.....       90%         3    ####...
 Static Discharge         Conj/Air       #.......     90%         3    ####...
 Cause Fear               Hex            #.........   100%        4    #####..
 Force Lance              Conj/Tloc      #.......     100%        4    #####..
 Fulminant Prism          Conj/Hex       #.........   100%        4    #####..
 Iskenderun's Mystic Bla  Conj           #.......     100%        4    #####..
 Leda's Liquefaction      Hex/Erth       #.........   100%        4    #####..
 Petrify                  Tmut/Erth      #.......     100%        4    #####..
 Sticky Flame             Conj/Fire      #.......     100%        4    #####..
 Summon Lightning Spire   Summ/Air       #.......     100%        4    #####..
 Iskenderun's Battlesphe  Conj/Chrm      #.......     99%         5    ######.
 Alistair's Intoxication  Tmut/Pois      #.......     100%        5    ######.
 Blade Hands              Tmut           #.........   100%        5    ######.
 Bolt of Magma            Conj/Fire/Erth #.........   100%        5    ######.
 Fireball                 Conj/Fire      #.........   100%        5    ######.
 Irradiate                Conj/Tmut      #.........   100%        5    ######.
 Lightning Bolt           Conj/Air       #.........   100%        5    ######.
 Silence                  Hex/Air        #.........   100%        5    ######.
 Venom Bolt               Conj/Pois      #.........   100%        5    ######.
 Conjure Ball Lightning   Conj/Air       #.........   100%        6    #######
 Deflect Missiles         Chrm/Air       #.........   100%        6    #######
 Dispersal                Tloc           #.........   100%        6    #######
 Freezing Cloud           Conj/Ice/Air   #.........   100%        6    #######
 Iron Shot                Conj/Erth      #.........   100%        6    #######
 Simulacrum               Ice/Necr       #.........   100%        6    #######
 Orb of Destruction       Conj           #.........   100%        7    #######
 Ring of Flames           Chrm/Fire      #.........   100%        7    #######
 Spellforged Servitor     Conj/Summ      #.........   100%        7    #######
 Ignition                 Fire           #.........   100%        8    #######
 Shatter                  Erth           #.........   100%        9    #######
 Tornado                  Air            #.........   100%        9    #######


Dungeon Overview and Level Annotations

Branches:
Dungeon (11/15)            Temple (1/1) D:4            Lair (6/6) D:11
 Shoals (4/4) Lair:4        Snake (4/4) Lair:4        Slime (0/5) Lair:6
    Orc (2/2) D:10            Elf (0/3) Orc:2

Altars:
Ashenzari
Cheibriados
Dithmenos
Elyvilon
Fedhas
Gozag
Hepliaklqana
Kikubaaqudgha
Makhleb
Nemelex Xobeh
Okawaru
Qazlal
Ru
Sif Muna
Trog
Uskayaw
Vehumet
Wu Jian
Xom
Yredelemnul
Zin
The Shining One
Beogh
Jiyva

Shops:
D:7 ?[[(?   Orc:2 (([}   Shoals:4 ?   Snake:1 ?:*(

Annotations:
Snake:2 3 runed translucent doors, exclusion: obsidian statue, Shaidar's ghost, adept MiBe


Innate Abilities, Weirdness & Mutations

You are small and have problems with some larger weapons.
You are somewhat resistant to further mutation.
Your system is resistant to poisons. (rPois)


Message History

Okawaru accepts your kill.
You hear a splash.
The now-empty wand crumbles to dust.
The merfolk throws a silver boomerang.
The silver boomerang completely misses you.
The weapon returns to the merfolk!
Unknown command.
Unknown command.
Evoke which item? (* to show all) (? for menu, Esc to quit)
Aiming: Iceblast
Press: ? - help, Shift-Dir - straight line The mass of ice explodes!
The iceblast engulfs the merfolk!!
The merfolk is moderately wounded.
The iceblast engulfs the merfolk!!
The merfolk is moderately wounded.
You hear a shout!
The merfolk throws a silver boomerang.
The silver boomerang completely misses you.
The weapon returns to the merfolk!
The merfolk throws a silver boomerang.
The silver boomerang hits you!!
You die...

............≈≈≈≈≈≈≈≈≈.####.≈.....
..†..........≈≈≈≈......# #.......
.<...........≈.........###.≈≈≈...
.†...≈≈≈≈≈.................≈≈≈...
...≈≈≈≈≈≈≈≈≈..........≈≈...≈≈....
...≈≈≈≈≈≈≈≈≈≈≈§........≈≈...≈<..≈
..≈≈≈≈≈≈≈≈≈≈≈≈≈.......≈≈≈...≈≈≈≈≈
..≈≈≈≈≈≈_≈≈≈§≈≈.......≈≈....≈≈≈≈≈
≈.≈≈≈≈≈≈≈≈≈≈≈≈≈.@.....≈≈≈≈≈≈≈≈..≈
≈≈.≈≈≈≈≈≈≈≈≈≈≈.(.....≈≈≈≈≈≈≈≈≈...
≈≈..≈≈≈≈≈≈≈≈≈...§.....≈≈≈≈≈......
≈≈≈...≈≈≈≈≈...§)§...........#....
≈≈≈............§)≈.....##..##....
≈≈≈≈[..........).......######....
≈≈≈P≈≈P.≈≈≈≈≈......m..##...##....
≈≈≈≈≈≈≈≈≈≈≈≈≈....mm...#.....#....
≈≈≈≈≈≈≈≈≈≈≈≈≈......m..#≈≈[..#....


You could see a merfolk impaler and 2 merfolk.

Vanquished Creatures
  Jorgrun (Orc:1)
  2 krakens
  8 nagarajas
  An orc warlord (Orc:2)
  Aizul (Snake:1)
  Snorg (D:10)
  3 merfolk javelineers (Shoals:4)
  7 merfolk impalers
  17 naga warriors
  4 hydras
  The ghost of HAL9000 the Draconian Aeon, a journeyman DrTm of Cheibriados (Lair:2)
  4 merfolk avatars
  7 anacondas
  7 merfolk aquamancers
  An alligator snapping turtle (Shoals:4)
  4 death yaks (Lair:4)
  3 orc high priests (Orc:2)
  4 naga sharpshooters (Snake:4)
  The ghost of Zaque the Cleaver, a novice MiFi of Fedhas (D:9)
  4 shock serpents
  13 sea snakes
  2 salamander mystics
  16 harpies
  9 naga ritualists
  An orc knight (Orc:2)
  9 mana vipers
  7 cyclopes
  3 oklob plants (Lair:3)
  6 fauns
  4 orc sorcerers (Orc:2)
  9 manticores
  6 salamanders
  4 merfolk sirens
  2 guardian serpents (Snake:3)
  15 naga magi
  24 elephants
  37 black mambas
  3 water nymphs
  Psyche (D:10)
  A torpor snail (Lair:6)
  A centaur skeleton (D:10)
  8 freezing wraiths (IceCv)
  14 spiny frogs
  7 rime drakes
  9 komodo dragons
  9 trolls
  3 meliai (Lair:5)
  3 polar bears (Lair:6)
  A queen bee (Lair:5)
  35 merfolk
  Grinder (D:6)
  A hornet (Lair:6)
  8 wind drakes
  A slime creature (D:11)
  9 snapping turtles
  6 dream sheep
  9 blink frogs (Lair:6)
  12 hippogriffs
  A shadow (D:11)
  6 yaks
  A vampire (D:11)
  12 water elementals
  5 wyverns
  3 hogs (D:8)
  A human (D:8)
  A steam dragon (D:8)
  3 basilisks
  4 wargs
  56 nagas
  18 water moccasins
  An acid dragon (D:9)
  Duvessa (D:6)
  10 porcupines
  7 ice beasts
  34 orc warriors
  2 black bears
  A hornet zombie (D:8)
  6 sky beasts
  9 ogres
  7 wolves
  2 phantoms
  11 centaurs
  An alligator simulacrum (IceCv)
  8 crocodiles
  Blork the orc (D:6)
  11 bullfrogs
  2 wyvern skeletons
  Dowan (D:6)
  3 scorpions
  17 killer bees
  4 wights (D:10)
  A howler monkey (D:5)
  8 crimson imps
  2 centaur zombies
  A quasit (D:7)
  A bullfrog zombie (D:9)
  7 jellies
  14 orc priests
  8 hounds
  Crazy Yiuf (D:6)
  3 iguanas
  3 worker ants
  Natasha (thrice) (D:2)
  40 orc wizards
  7 hell rats (Lair:6)
  A polar bear simulacrum (IceCv)
  2 wolf simulacra (IceCv)
  A hound zombie (D:5)
  A hound skeleton (D:8)
  25 adders
  A howler monkey skeleton (D:5)
  3 shadow imps
  5 white imps (IceCv)
  An ooze (D:2)
  An adder zombie (D:8)
  3 adder skeletons
  A worm (D:2)
  11 leopard geckos
  125 orcs
  8 giant cockroaches
  6 goblins
  5 hobgoblins
  13 jackals
  6 quokkas
  9 bats
  9 frilled lizards
  A jackal zombie (D:9)
  5 kobolds
  A leopard gecko skeleton (D:9)
  A leopard gecko zombie (D:9)
  6 rats
  A bush (D:9)
  2 fungi
  4 plants
  A tentacle (Shoals:2)
998 creatures vanquished.

Vanquished Creatures (others)
  A manticore (Shoals:4)
  A water elemental (Shoals:4)
  7 fungi
  9 plants
  8 tentacles
26 creatures vanquished.

Grand Total: 1024 creatures vanquished

Notes
Turn   | Place    | Note
-------+----------+-------------------------------------------
     0 | D:1      | toidinamai the Halfling Gladiator began the quest for the
                  | Orb.
     0 | D:1      | Reached XP level 1. HP: 14/14 MP: 1/1
   227 | D:1      | Reached XP level 2. HP: 19/19 MP: 2/2
   410 | D:1      | Reached skill level 1 in Stealth
   747 | D:2      | Reached XP level 3. HP: 24/24 MP: 3/3
   785 | D:2      | Reached XP level 4. HP: 18/29 MP: 4/4
  1317 | D:2      | Reached XP level 5. HP: 35/35 MP: 5/5
  1364 | D:2      | Noticed Natasha
  1379 | D:2      | Killed Natasha
  1685 | D:2      | Noticed Natasha
  1703 | D:2      | Killed Natasha
  2008 | D:2      | Noticed Natasha
  2025 | D:2      | Killed Natasha
  2025 | D:2      | Reached XP level 6. HP: 23/41 MP: 6/6
  2749 | D:3      | Reached skill level 5 in Short Blades
  3506 | D:4      | Upgraded the game from 0.24-a0-342-gad4687c37d to
                  | 0.24-a0-361-g57161393b2
  3872 | D:4      | Reached XP level 7. HP: 35/46 MP: 7/7
  4134 | D:4      | Reached skill level 5 in Dodging
  4365 | D:4      | Found a staircase to the Ecumenical Temple.
  4371 | Temple   | Entered the Ecumenical Temple
  4428 | Temple   | Became a worshipper of Warmaster Okawaru
  4538 | D:4      | Reached skill level 5 in Stealth
  4998 | D:5      | Entered Level 5 of the Dungeon
  5110 | D:5      | Reached skill level 1 in Invocations
  5369 | D:5      | Reached XP level 8. HP: 48/54 MP: 8/8
  5531 | D:5      | Found a blossoming altar of Fedhas.
  6058 | D:6      | Found a white marble altar of Elyvilon.
  6126 | D:6      | Noticed Grinder
  6130 | D:6      | Reached skill level 1 in Armour
  6146 | D:6      | Killed Grinder
  6489 | D:6      | Reached * piety under Okawaru
  6581 | D:6      | Noticed Duvessa
  6581 | D:6      | Noticed Dowan
  6582 | D:6      | Killed Dowan
  6611 | D:6      | Killed Duvessa
  6736 | D:6      | Got a crude hunting sling
  6778 | D:5      | Identified the +8 hunting sling "Arahu" {venom, +Fly Str+4}
                  | (You found it on level 6 of the Dungeon)
  7138 | D:6      | Noticed Blork the orc
  7144 | D:6      | Killed Blork the orc
  7144 | D:6      | Reached skill level 1 in Slings
  7144 | D:6      | Reached XP level 9. HP: 58/58 MP: 10/10
  7168 | D:6      | Found a runed translucent door.
  7169 | D:6      | Noticed Crazy Yiuf
  7176 | D:6      | Killed Crazy Yiuf
  7291 | D:6      | Found a deep blue altar of Sif Muna.
  7347 | D:7      | Reached skill level 2 in Slings
  7354 | D:7      | Found a radiant altar of Vehumet.
  7548 | D:7      | Reached skill level 3 in Slings
  7573 | D:7      | Found Veukko's Magic Scroll Emporium.
  7583 | D:7      | Bought a scroll of identify for 20 gold pieces
  7583 | D:7      | Bought a scroll of identify for 20 gold pieces
  7583 | D:7      | Bought a scroll of identify for 20 gold pieces
  7583 | D:7      | Bought a scroll of fog for 20 gold pieces
  7583 | D:7      | Bought a scroll of magic mapping for 35 gold pieces
  7583 | D:7      | Bought a scroll of amnesia for 35 gold pieces
  7583 | D:7      | Bought a scroll of random uselessness for 10 gold pieces
  7959 | D:7      | Reached ** piety under Okawaru
  7960 | D:7      | Found Huklus's Magic Scroll Emporium.
  8007 | D:7      | Found Buba's Antique Weapon Boutique.
  8011 | D:7      | Bought a scroll of fear for 35 gold pieces
  8011 | D:7      | Bought a scroll of noise for 10 gold pieces
  8011 | D:7      | Bought a scroll of summoning for 95 gold pieces
  8011 | D:7      | Bought a scroll of identify for 20 gold pieces
  8011 | D:7      | Bought a scroll of identify for 20 gold pieces
  8011 | D:7      | Bought a scroll of identify for 20 gold pieces
  8011 | D:7      | Bought a scroll of identify for 20 gold pieces
  8011 | D:7      | Bought a scroll of identify for 20 gold pieces
  8013 | D:7      | Identified a scroll of acquirement
  8024 | D:7      | Found Fime's Armour Shoppe.
  8030 | D:7      | Found Vuovil's Antique Armour Shoppe.
  8101 | D:7      | Reached skill level 4 in Slings
  8835 | D:8      | Reached skill level 5 in Slings
  8944 | D:7      | Reached skill level 5 in Armour
  9052 | D:8      | Reached XP level 10. HP: 60/65 MP: 8/12
  9139 | D:8      | Reached skill level 5 in Fighting
  9425 | D:8      | Reached skill level 6 in Slings
  9486 | D:8      | Reached *** piety under Okawaru
  9576 | D:8      | Reached skill level 7 in Slings
 10368 | D:9      | Received a gift from Okawaru
 10428 | D:9      | Found a runed translucent door.
 10431 | D:9      | Noticed Zaque's ghost (novice MiFi)
 10460 | D:9      | Killed Zaque's ghost
 10460 | D:9      | Received a gift from Okawaru
 10460 | D:9      | Reached **** piety under Okawaru
 10460 | D:9      | Reached skill level 8 in Slings
 10460 | D:9      | Reached skill level 5 in Invocations
 10460 | D:9      | Reached XP level 11. HP: 62/72 MP: 10/14
 11121 | D:10     | Entered Level 10 of the Dungeon
 11245 | D:10     | Noticed Snorg
 11280 | D:10     | Killed Snorg
 11280 | D:10     | Reached skill level 9 in Slings
 11659 | D:7      | Bought a +1 helmet of see invisible for 198 gold pieces
 11891 | D:10     | Received a gift from Okawaru
 11891 | D:10     | Reached ***** piety under Okawaru
 12025 | D:10     | Noticed Psyche
 12040 | D:10     | Killed Psyche
 12449 | D:10     | Found a staircase to the Orcish Mines.
 12857 | D:11     | Noticed a cyclops
 12864 | D:11     | Killed a cyclops
 12872 | D:11     | Received a gift from Okawaru
 12901 | D:11     | Found a white marble altar of Elyvilon.
 13075 | D:11     | Found a staircase to the Lair.
 13085 | D:11     | Got a polished plate armour
 13094 | D:11     | Reached XP level 12. HP: 80/80 MP: 16/16
 13108 | D:11     | Identified the +7 plate armour of the Hot Ocelot {*Contam
                  | +Inv rElec rN+} (You found it on level 11 of the Dungeon)
 13220 | D:11     | Reached skill level 10 in Slings
 13251 | D:11     | Found a viscous altar of Jiyva.
 13322 | D:10     | Gained mutation: You are occasionally teleported next to
                  | monsters. [mutagenic glow]
 13323 | D:10     | Lost mutation: You are occasionally teleported next to
                  | monsters. [potion of mutation]
 13323 | D:10     | Gained mutation: You have large cloven feet. [potion of
                  | mutation]
 13324 | D:10     | Lost mutation: You have large cloven feet. [potion of
                  | mutation]
 13324 | D:10     | Gained mutation: Your system is resistant to poisons.
                  | (rPois) [potion of mutation]
 13514 | D:11     | Reached skill level 1 in Evocations
 14260 | Lair:1   | Entered Level 1 of the Lair of Beasts
 14413 | Lair:1   | Received a gift from Okawaru
 14443 | Lair:1   | Noticed a four-headed hydra
 14452 | Lair:1   | Killed a four-headed hydra
 14452 | Lair:1   | Received a gift from Okawaru
 14751 | Lair:1   | Reached ****** piety under Okawaru
 14765 | Lair:1   | Received a gift from Okawaru
 15275 | Lair:2   | Found a runed translucent door.
 15277 | Lair:2   | Noticed HAL9000's ghost (journeyman DrTm)
 15349 | Lair:2   | Killed HAL9000's ghost
 15693 | Lair:2   | Reached skill level 10 in Short Blades
 15895 | Lair:2   | Reached XP level 13. HP: 86/86 MP: 18/18
 16137 | Lair:2   | Reached skill level 11 in Slings
 16479 | D:7      | Bought a +1 pair of boots of flying for 198 gold pieces
 16642 | Lair:3   | Received a gift from Okawaru
 16720 | Lair:3   | Reached skill level 10 in Stealth
 16795 | Lair:3   | Noticed a six-headed hydra
 16804 | Lair:3   | Killed a six-headed hydra
 16860 | Lair:3   | Reached skill level 14 in Slings
 16860 | Lair:3   | Reached XP level 14. HP: 92/92 MP: 19/19
 16872 | Lair:3   | Received a gift from Okawaru
 17853 | Lair:4   | Found a staircase to the Snake Pit.
 18162 | Lair:4   | Reached skill level 15 in Slings
 18217 | Lair:4   | Found a staircase to the Shoals.
 18255 | Lair:4   | Got a dazzling scale mail
 18259 | Lair:4   | Identified the cursed +1 scale mail "Xengo" {+Inv Dex+3
                  | Stlth+} (You found it on level 4 of the Lair of Beasts)
 18915 | Lair:5   | Received a gift from Okawaru
 19477 | Lair:5   | Found a frozen archway.
 19507 | IceCv    | Entered an ice cave
 19711 | IceCv    | Reached skill level 10 in Dodging
 20294 | IceCv    | Received a gift from Okawaru
 20338 | IceCv    | Got an encrusted helmet {god gift}
 20349 | IceCv    | Identified the +2 helmet "Kytobi" {Int+9} (Okawaru gifted
                  | it to you in an ice cave)
 20617 | IceCv    | Learned a level 3 spell: Regeneration
 20621 | IceCv    | Learned a level 3 spell: Vampiric Draining
 20652 | IceCv    | Found an ancient bone altar of Kikubaaqudgha.
 21037 | Lair:5   | Reached XP level 15. HP: 99/99 MP: 21/21
 21051 | Lair:5   | Reached skill level 5 in Evocations
 21537 | Lair:6   | Entered Level 6 of the Lair of Beasts
 21653 | Lair:5   | Reached skill level 1 in Spellcasting
 21664 | Lair:5   | Reached skill level 1 in Necromancy
 22314 | Lair:6   | Received a gift from Okawaru
 22611 | Lair:6   | Got a shimmering iron ring
 22612 | Lair:6   | Identified the ring of Idealism {Wiz *Contam +Inv +Fly MR-}
                  | (You found it on level 6 of the Lair of Beasts)
 22705 | Lair:6   | Received a gift from Okawaru
 22706 | Lair:6   | Got a brightly glowing hunting sling {god gift}
 22716 | Lair:6   | Identified the +5 hunting sling of Uncertain Death {freeze,
                  | rPois rF- Str+4} (Okawaru gifted it to you on level 6 of
                  | the Lair of Beasts)
 22996 | Lair:6   | Found a viscous altar of Jiyva.
 22997 | Lair:6   | Found a staircase to the Slime Pits.
 23442 | Orc:1    | Entered Level 1 of the Orcish Mines
 23539 | D:7      | Bought the +3 pair of gauntlets of War {Slay+5} for 570
                  | gold pieces
 23539 | D:7      | Found the +3 pair of gauntlets of War {Slay+5}
 23662 | Orc:1    | You are sucked into a shaft and drop 1 floor!
 23662 | Orc:2    | Entered Level 2 of the Orcish Mines
 23972 | Orc:2    | Found a roughly hewn altar of Beogh.
 24009 | Orc:2    | Found a roughly hewn altar of Beogh.
 24103 | Orc:2    | Found a staircase to the Elven Halls.
 24279 | Orc:2    | Found a roughly hewn altar of Beogh.
 24441 | Orc:2    | Found a roughly hewn altar of Beogh.
 24448 | Orc:2    | Upgraded the game from 0.24-a0-361-g57161393b2 to
                  | 0.24-a0-365-ga4d96b6e6e
 24504 | Orc:2    | Found a roughly hewn altar of Beogh.
 24534 | Orc:2    | Found Qupy's Weapon Shoppe.
 24690 | Orc:2    | Reached skill level 1 in Charms
 24770 | Orc:2    | Noticed an orc warlord
 24796 | Orc:2    | Killed an orc warlord
 24801 | Orc:2    | Received a gift from Okawaru
 24808 | Orc:2    | Reached XP level 16. HP: 82/108 MP: 12/23
 24812 | Orc:2    | Got a fine fustibalus {god gift}
 24813 | Orc:2    | Identified the +10 fustibalus of Sepanwug {speed, MP+9}
                  | (Okawaru gifted it to you on level 2 of the Orcish Mines)
 24863 | Orc:2    | Found Ommeut's Antique Weapon Shoppe.
 24871 | Orc:2    | Found a roughly hewn altar of Beogh.
 24877 | Orc:2    | Found Titila's Antique Armour Emporium.
 24918 | Orc:2    | Found a roughly hewn altar of Beogh.
 24930 | Orc:2    | Reached skill level 10 in Armour
 24932 | Orc:2    | Found Mabloz's Gadget Boutique.
 25087 | Orc:1    | Noticed Jorgrun
 25127 | Orc:1    | Killed Jorgrun
 25127 | Orc:1    | Reached skill level 16 in Slings
 25811 | Snake:1  | Entered Level 1 of the Snake Pit
 25811 | Snake:1  | Found Xuqoij's Magic Scroll Shoppe.
 25861 | Snake:1  | Bought a scroll of acquirement for 728 gold pieces
 26300 | Snake:1  | Received a gift from Okawaru
 26372 | Snake:1  | Found Gischosu's Weapon Emporium.
 26434 | Snake:1  | Found Fihukud's Assorted Antiques.
 26436 | Snake:1  | Found Lenuaf's Book Emporium.
 26455 | Snake:1  | Found a shadowy altar of Dithmenos.
 26528 | Snake:1  | Received a gift from Okawaru
 26651 | Snake:1  | Noticed Aizul
 26669 | Snake:1  | Killed Aizul
 27437 | Snake:2  | Got a shimmering scale mail
 27438 | Snake:2  | Identified the +4 scale mail "Yssutiur" {*Corrode rElec
                  | Dex+2} (You found it on level 2 of the Snake Pit)
 27643 | Snake:2  | Noticed a nagaraja
 27647 | Snake:2  | Killed a nagaraja
 27647 | Snake:2  | Received a gift from Okawaru
 27673 | Snake:2  | Reached skill level 10 in Invocations
 27857 | Snake:2  | Found a runed translucent gate.
 27857 | Snake:2  | Found a runed translucent gate.
 27857 | Snake:2  | Found a runed translucent gate.
 27858 | Snake:2  | Found an opulent altar of Gozag.
 27859 | Snake:2  | Noticed Shaidar's ghost (adept MiBe)
 27913 | Snake:3  | Upgraded the game from 0.24-a0-365-ga4d96b6e6e to
                  | 0.24-a0-366-gc1c896e988
 28257 | Snake:3  | Received a gift from Okawaru
 28258 | Snake:3  | Got a warped cloak {god gift}
 28269 | Snake:3  | Identified the +1 cloak of Huarch {rPois} (Okawaru gifted
                  | it to you on level 3 of the Snake Pit)
 28318 | Snake:3  | Got a crude mace
 28319 | Snake:3  | Identified the cursed +1 mace of Makhleb's Generosity
                  | {crush, rC+} (You found it on level 3 of the Snake Pit)
 28463 | Snake:3  | Reached skill level 10 in Fighting
 28487 | Snake:3  | Reached XP level 17. HP: 103/115 MP: 19/24
 29175 | Snake:4  | Entered Level 4 of the Snake Pit
 29221 | Snake:4  | Found a burning altar of Makhleb.
 29239 | Snake:4  | Reached skill level 5 in Charms
 29247 | Snake:4  | Reached skill level 5 in Spellcasting
 29554 | Snake:4  | Upgraded the game from 0.24-a0-366-gc1c896e988 to
                  | 0.24-a0-368-g0e0cebd0f3
 29638 | Snake:4  | Received a gift from Okawaru
 29713 | Snake:4  | Reached skill level 5 in Necromancy
 30163 | Snake:4  | Reached skill level 17 in Slings
 30197 | Snake:4  | Received a gift from Okawaru
 30229 | Snake:4  | Received a gift from Okawaru
 30238 | Snake:4  | Reached skill level 18 in Slings
 30243 | Snake:4  | Reached XP level 18. HP: 114/122 MP: 26/26
 30465 | Snake:4  | Got a serpentine rune of Zot
 30629 | Shoals:1 | Entered Level 1 of the Shoals
 30638 | Shoals:1 | Received a gift from Okawaru
 30957 | Shoals:1 | Reached skill level 19 in Slings
 31009 | Shoals:1 | Received a gift from Okawaru
 31562 | Shoals:2 | Identified Sif Muna's Papyrus of Unstable Evil
 31713 | Shoals:2 | Noticed a kraken
 31740 | Shoals:2 | Killed a kraken
 31775 | Shoals:2 | Received a gift from Okawaru
 31872 | Shoals:2 | Learned a level 3 spell: Gell's Gravitas
 31881 | Shoals:2 | Learned a level 8 spell: Controlled Blink
 31890 | Shoals:2 | Learned a level 8 spell: Disjunction
 31986 | Shoals:2 | Received a gift from Okawaru
 32170 | Shoals:2 | Reached skill level 20 in Slings
 32551 | Shoals:3 | Upgraded the game from 0.24-a0-368-g0e0cebd0f3 to
                  | 0.24-a0-370-g78e9d4e317
 32850 | Shoals:3 | Reached skill level 21 in Slings
 32859 | Shoals:3 | Got an ancient lapis lazuli ring
 32861 | Shoals:3 | Identified the ring "Owepleov" {rC+ Str+6 Int-4 Dex+5} (You
                  | acquired it on level 3 of the Shoals)
 33014 | Shoals:3 | Received a gift from Okawaru
 33166 | Shoals:3 | Noticed a kraken
 33675 | Shoals:3 | Killed a kraken
 33818 | Shoals:4 | Entered Level 4 of the Shoals
 33818 | Shoals:4 | Found Hotud's Magic Scroll Emporium.
 33852 | Shoals:4 | Found a shattered altar of Ashenzari.
 34006 | Shoals:4 | Received a gift from Okawaru
 34109 | Shoals:4 | Reached XP level 19. HP: 127/127 MP: 27/27
 34142 | Shoals:4 | Bought a scroll of identify for 24 gold pieces
 34142 | Shoals:4 | Bought a scroll of identify for 24 gold pieces
 34142 | Shoals:4 | Bought a scroll of enchant weapon for 90 gold pieces
 34753 | Shoals:4 | Received a gift from Okawaru
 34813 | Shoals:4 | Identified the cursed +1 trident of a bailey {flame, Str+5}
 34817 | Shoals:4 | HP: 5/127 [something/ball of steam (13)]
 34839 | Shoals:4 | HP: 6/127 [merfolk impaler/+1 trident of protection (2)]
 34845 | Shoals:4 | Hit by a silver boomerang thrown by a merfolk

Levels and vault maps discovered:
D:1:      dpeg_arrival_connections, layout_loops_ring
D:2:      layout_loops_ring, uniq_natasha
D:3:      layout_rooms, first_ration
D:4:      layout_cave_pools, minmay_temple_entry_fiery, sigmund_army
D:5:      minmay_recursive_quarters, layout_basic, grunt_decor_fettered,
          fedhas_altar_3
D:6:      layout_rooms, overflow_temple_1_default, led_sif_pool,
          uniq_crazy_yiuf_cottage, uniq_grinder, uniq_duvessa,
          uniq_blork_the_orc
D:7:      layout_cave_pools, serial_shops, shop, nicolae_shop_statue_plus, shop,
          nicolae_shop_waterfront, shop, basic_altar, minmay_misc_feat_pillars
D:8:      layout_basic, serial_co_window_serial, co_window_corner_a,
          co_window_paths_a, co_window_corner_a, co_window_paths_b,
          co_window_paths_a, co_window_cross_1, co_window_corner_ca,
          co_window_2corner, co_window_paths_c, co_window_cross_4,
          co_window_2corner, co_window_corner_b, co_window_4corner_b,
          glass_columns_a, glass_columns_c, glass_columns_c, glass_columns_a,
          glass_columns_a, grunt_livestock
D:9:      minmay_s_stair_smasher, layout_basic, hellmonk_ghost_happy_afterlife,
          kb_lookout_dungeons_type, minmay_lizard_king
D:10:     layout_basic, david_orc_4, uniq_snorg, uniq_psyche
D:11:     layout_cross, david_lair_shrubbed, basic_altar, jiyva_altar_1
Temple:   compressed_dpeg_circular_temple
Lair:1:   layout_cave_shapes, st_stairs_3, lemuel_fruit_fields
Lair:2:   layout_concentric_octagons, ebering_ghost_inner_flame
Lair:3:   layout_roguey, grunt_megastairs_4, infiniplex_staircase_pool_2,
          serial_bayou_shore_b, minmay_lair_oklob_chamber
Lair:4:   layout_misc_corridors, minmay_shoals_entry_hut,
          minmay_snake_entry_six_corridors, small_statue_intersection
Lair:5:   layout_cave_shapes, special_room [special_room_bee],
          portal_ice_cave_rime
Lair:6:   gammafunk_lair_ancient_temple, layout_regular_city, slime_altar_1
Shoals:1: layout_shoals
Shoals:2: layout_shoals, hangedman_shoals_cup_caves
Shoals:3: layout_shoals
Shoals:4: shoals_end_simple, layout_shoals, serial_shops, shop_statue,
          lemuel_altar_in_water
Snake:1:  layout_chambers, serial_shops, shop, basic_altar, minmay_shop_star,
          uniq_aizul
Snake:2:  layout_onion, ebering_ghost_gozag, serial_bayou_shore_b,
          grunt_megastairs_2, lemuel_fruit_tree
Snake:3:  layout_honeycomb
Snake:4:  minmay_snake_end_coiled, layout_misc_corridors, basic_altar,
          st_stairs_9
Orc:1:    layout_diamond_mine, nicolae_orc_rich_vein, uniq_jorgrun
Orc:2:    grunt_orc_community_town_hall, layout_caves,
          grunt_orc_community_big_house_1, grunt_orc_community_big_house_2,
          grunt_orc_community_house_3, grunt_orc_community_house_3,
          grunt_orc_community_house_1, grunt_orc_community_house_1,
          grunt_orc_community_house_1, grunt_orc_community_house_3

Skill      XL: |  1  2  3  4  5  6  7  8  9 10 11 12 13 14 15 16 17 18 19 |
---------------+----------------------------------------------------------+-----
Fighting       | 2 3 4 5 6 7 8 9 10 | 10.4
Stealth        | 1 2 3 4 5 6 7 9 10 11 | 11.0
Short Blades   | 4 5 6 7 8 9 10 11 12 | 12.1
Dodging        | 4 5 6 7 8 9 10 11 | 11.7
Invocations    | 1 2 3 5 6 7 8 9 10 11 | 11.0
Armour         | 3 5 6 7 8 9 10 11 | 11.0
Slings         | 1 5 8 9 10 14 15 16 18 21 | 21.9
Evocations     | 3 4 6 7 9 |  9.4
Spellcasting   | 2 4 5 |  5.8
Necromancy     | 2 4 5 |  5.2
Charms         | 2 4 5 |  5.9
Throwing       | |  2.1

Action                   |  1- 3 |  4- 6 |  7- 9 | 10-12 | 13-15 | 16-18 | 19-21 || total
-------------------------+-------+-------+-------+-------+-------+-------+-------++-------
Melee: Rapier            |    64 |   292 |   311 |   629 |   505 |    48 |    25 ||  1874
       Short sword       |       |       |   307 |       |       |       |       ||   307
       Punch             |       |       |     5 |     6 |    12 |     3 |       ||    26
 Fire: Hunting sling     |       |       |       |   362 |   904 |     2 |       ||  1268
       Fustibalus        |       |       |       |       |       |  1409 |   122 ||  1531
Throw: Boomerang         |     3 |     2 |     1 |     1 |       |     2 |       ||     9
       Throwing net      |       |       |       |       |       |       |     2 ||     2
Invok: Heroism           |       |       |     5 |    10 |    13 |    49 |     6 ||    83
       Finesse           |       |       |       |       |     7 |    12 |       ||    19
Evoke: Wand              |       |       |       |       |       |       |    11 ||    11
  Use: Potion            |       |     2 |     2 |     4 |     3 |       |     1 ||    12
       Scroll            |       |       |    20 |     6 |    15 |    14 |     9 ||    64
 Stab: Sleeping          |     2 |     4 |     9 |    10 |     1 |     1 |     1 ||    28
       Distracted        |       |     1 |     3 |       |     1 |       |       ||     5
  Eat: Chunk             |       |     6 |    13 |    11 |     9 |     9 |     2 ||    50
       Ration            |       |     1 |     4 |     3 |     5 |     5 |       ||    18
Armor: Leather armour    |    10 |    39 |    69 |    54 |       |       |       ||   172
       Ring mail         |       |       |    10 |       |       |       |       ||    10
       Chain mail        |       |       |     3 |       |       |       |       ||     3
       Troll leather arm |       |       |       |    30 |    19 |       |       ||    49
       Plate armour      |       |       |       |     9 |       |       |       ||     9
       Scale mail        |       |       |       |       |   115 |    48 |    27 ||   190
Dodge: Dodged            |    50 |   293 |   508 |   520 |   726 |   251 |   112 ||  2460

Table legend:
 A = Non-vault XP
 B = Vault XP
 C = Vault XP percentage of total XP
 D = Non-vault monster count
 E = Vault monster count
 F = Vault count percentage of total count
                 A         B        C        D         E       F
            +---------+---------+-------+---------+---------+-------
      Total |  177466 |   87051 |  32.9 |     693 |     298 |  30.1
            +---------+---------+-------+---------+---------+-------
        D:1 |      23 |       0 |   0.0 |      14 |       0 |   0.0
        D:2 |     263 |      35 |  11.7 |      39 |       1 |   2.5
        D:3 |     154 |       0 |   0.0 |      19 |       0 |   0.0
        D:4 |     377 |       5 |   1.3 |      21 |       2 |   8.7
        D:5 |     262 |      71 |  21.3 |      17 |       4 |  19.0
        D:6 |     455 |     639 |  58.4 |      22 |       5 |  18.5
        D:7 |     944 |       0 |   0.0 |      21 |       0 |   0.0
        D:8 |    1488 |     989 |  39.9 |      33 |       5 |  13.2
        D:9 |    1246 |    1945 |  61.0 |      20 |      26 |  56.5
       D:10 |    2379 |    2331 |  49.5 |      27 |      16 |  37.2
       D:11 |    3178 |     739 |  18.9 |      32 |       5 |  13.5
     Lair:1 |    4600 |     312 |   6.4 |      15 |       2 |  11.8
     Lair:2 |    3814 |    1150 |  23.2 |      17 |       2 |  10.5
     Lair:3 |    5498 |    1717 |  23.8 |      15 |       3 |  16.7
     Lair:4 |    4102 |    2035 |  33.2 |       8 |      17 |  68.0
     Lair:5 |    8500 |    2885 |  25.3 |      22 |      15 |  40.5
     Lair:6 |   10104 |    9015 |  47.2 |      39 |      25 |  39.1
   Shoals:1 |    9196 |       0 |   0.0 |      23 |       0 |   0.0
   Shoals:2 |   12021 |    5232 |  30.3 |      24 |      12 |  33.3
   Shoals:3 |   22525 |       0 |   0.0 |      43 |       0 |   0.0
   Shoals:4 |   19168 |    9700 |  33.6 |      40 |      14 |  25.9
    Snake:1 |   15739 |    1654 |   9.5 |      30 |       1 |   3.2
    Snake:2 |    3256 |    2407 |  42.5 |       6 |       2 |  25.0
    Snake:3 |   25924 |       0 |   0.0 |      55 |       0 |   0.0
    Snake:4 |   17896 |   26998 |  60.1 |      34 |      44 |  56.4
      Orc:1 |    1756 |    3223 |  64.7 |      21 |       1 |   4.5
      Orc:2 |    2598 |   10097 |  79.5 |      36 |      73 |  67.0
      IceCv |       0 |    3872 | 100.0 |       0 |      23 | 100.0
            +---------+---------+-------+---------+---------+-------
